 Dungeon Crawl Stone Soup version 0.27-a0-1177-g245c70e1c0 (webtiles) character file.

Game seed: 8159267507276993302

2445 Glokmah the Agent of Entropy (level 9, -2/68 (69) HPs)
             Began as a Demonspawn Abyssal Knight on May 16, 2021.
             Was a Priest of Lugonu.
             Slain by an orc warrior
             ... wielding a +0 short sword
              (5 damage)
             ... on level 7 of the Dungeon.
             The game lasted 00:19:27 (10106 turns).

Glokmah the Agent of Entropy (DsAK)                Turns: 10106, Time: 00:19:28

HP:   -2/68 (69)    AC: 11    Str: 14    XL:     9   Next: 25%
MP:   13/16         EV: 11    Int: 19    God:    Lugonu [***...]
Gold: 437           SH:  5    Dex: 13    Spells: 9/12 levels left

rFire    + . .     SeeInvis .   b - +6 dagger of the Wizarding Asp {freeze, rPois}
rCold    . . .     Faith    .   (no shield)
rNeg     . . .     Spirit   .   p - +2 leather armour {rF+}
rPois    +         Reflect  +   (no helmet)
rElec    .         Harm     .   v - +0 cloak
rCorr    .         Rampage  .   A - +0 pair of gloves
Will     .....                  (no boots)
Stlth    +.........             e - amulet of reflection
HPRegen  0.21/turn              w - ring of flight
MPRegen  0.15/turn              z - +4 ring of protection

@: flying, lightly drained
A: talons 1, spiny 1, big brain 2
a: Renounce Religion, Depart the Abyss, Bend Space, Banish


You were on level 7 of the Dungeon.
You worshipped Lugonu.
Lugonu was most pleased with you.
You visited 1 branch of the dungeon, and saw 7 of its levels.
You visited the Abyss 1 time.

You collected 437 gold pieces.

Inventory:

Hand Weapons
 a - a +0 trident
 b - the +6 dagger of the Wizarding Asp (weapon) {freeze, rPois}
   (You found it on level 6 of the Dungeon)

   It has been specially enchanted to freeze those struck by it, causing extra
   injury to most foes and up to half again as much damage against particularly
   susceptible opponents.
   It can also slow down cold-blooded creatures.
   It protects you from poison.
 x - a +0 hand crossbow
Missiles
 l - 2 javelins (quivered)
 o - 5 boomerangs
 s - 9 poisoned darts
 y - 44 bolts
 C - a curare-tipped dart
 E - 2 throwing nets
Armour
 h - a +0 kite shield
 p - a +2 leather armour of fire resistance (worn)
 v - a +0 cloak (worn)
 A - a +0 pair of gloves (worn)
Jewellery
 e - an amulet of reflection (around neck)
 n - a ring of resist corrosion
 w - a ring of flight (left hand)
 z - a +4 ring of protection (right hand)
Wands
 f - a wand of mindburst (19)
 t - a wand of flame (17)
Scrolls
 d - a scroll of teleportation
 k - a scroll of holy word
 B - a scroll of summoning {unknown}
 D - a scroll of torment {unknown}
 F - a scroll of fog {unknown}
Potions
 c - 2 potions of flight
 i - 4 potions of magic
 j - 3 potions of attraction
 q - 2 potions of haste
 r - a potion of invisibility
 u - a potion of mutation


   Skills:
 + Level 5.9 Fighting
 * Level 6.8 Polearms
 - Level 2.1 Armour
 - Level 0.8 Dodging
 - Level 2.0 Spellcasting
 - Level 3.0 Conjurations
 - Level 2.0 Fire Magic
 * Level 9.6 Invocations


You had 9 spell levels left.
You knew the following spells:

 Your Spells              Type           Power      Damage    Failure   Level
a - Conjure Flame         Conj/Fire      11%        6-21      22%         3

Your spell library contained the following spells:

 Spells                   Type           Power      Damage    Failure   Level
 Foxfire                  Conj/Fire      44%        2x1d6     8%          1
 Inner Flame              Hex/Fire       5%         N/A       38%         3
 Sticky Flame             Conj/Fire      11%        2d3       58%         4
 Fireball                 Conj/Fire      5%         3d5       90%         5


Dungeon Overview and Level Annotations

Branches:
Dungeon (7/15)             Temple (0/1) D:7

Altars:
Ashenzari
Gozag
Qazlal
Ru
Wu Jian
Yredelemnul
The Shining One

Shops:
D:1 !

Annotations:
D:7 2 transporters, Gilette's ghost, novice DsCj


Innate Abilities, Weirdness & Mutations

You have sharp toenails.
You are partially covered in sharp spines.
You have an extremely huge brain. (Int +4)


Message History

The orc warrior is heavily wounded.
The orc warrior hits you with a +0 short sword!
* * * LOW HITPOINT WARNING * * *
You hit the orc warrior but do no damage.
You claw the orc warrior.
The orc warrior is severely wounded.
The orc warrior hits you with a +0 short sword.
* * * LOW HITPOINT WARNING * * *
You hit the orc warrior. You freeze the orc warrior.
You claw the orc warrior, but do no damage.
The orc warrior is almost dead.
The orc warrior is struck by your spines.
The orc warrior hits you with a +0 short sword!
* * * LOW HITPOINT WARNING * * *
Okay, then.
Things that are here:
a +0 falchion; a +0 ring mail; a green potion You closely miss the orc warrior.
Your kick misses the orc warrior.
The orc warrior is almost dead.
The orc warrior closely misses you. Space bends around you!
You blink.
Okay, then.
Okay, then.
Throw: 4 javelins
Press: ? - help, Q - select action, (/) - cycle Shift-Dir - straight line, f/p - orc warrior
Aim: an orc warrior, wielding a +0 short sword and wearing a +0 plate armour (translocational energy, almost dead, 59% to hit)
You throw a javelin.
The javelin pierces through the orc warrior.
The orc warrior is almost dead.
Throw: 3 javelins
Press: ? - help, Q - select action, (/) - cycle Shift-Dir - straight line, f/p - orc warrior
Aim: an orc warrior, wielding a +0 short sword and wearing a +0 plate armour (almost dead, 59% to hit)
You throw a javelin.
The javelin pierces through the orc warrior but does no damage.
The orc warrior is almost dead.
The orc warrior barely misses you.
You hit the orc warrior but do no damage.
The orc warrior is almost dead.
The orc warrior hits you with a +0 short sword.
You die...

##### ########...#
#...o.)....#
#..@#'#))..####
########...#.#.......######
#........###.###.###.......
#........'.....'...........
#.......o###.###...........
#..........#.#...#...###...
#######....#'#...#...# #..B
########.........#...# #.°.
#.........#.#o######.# #...


You could see an orc warrior.

Vanquished Creatures
  Grinder (D:6)
  The ghost of boysha the Sneak, an amateur OpMo (D:3)
  A water moccasin (D:7)
  An orc warrior (D:6)
  A necrophage (D:6)
  A black bear (D:6)
  2 ogres (D:6)
  2 kobold brigands
  2 bullfrogs
  A wyvern zombie (D:5)
  3 scorpions
  A water moccasin skeleton (D:6)
  5 killer bees
  4 wights (D:7)
  A bullfrog zombie (D:7)
  2 hounds
  3 orc priests
  Crazy Yiuf (D:3)
  A jelly (D:6)
  A centaur skeleton (D:6)
  A bullfrog skeleton (D:6)
  3 orc wizards
  Ijyb (D:3)
  Natasha (twice) (D:3)
  An iguana (D:5)
  A killer bee zombie (D:6)
  6 adders
  A river rat (D:3)
  2 ufetubi
  3 dart slugs
  7 orcs
  4 endoplasms
  3 giant cockroaches
  8 goblins
  4 hobgoblins
  7 jackals
  20 kobolds
  6 quokkas
  7 ball pythons
  3 bats (D:1)
  3 frilled lizards
  6 rats
134 creatures vanquished.

Vanquished Creatures (others)
  A fungus (D:3)
  2 starspawn tentacles (Abyss:1)
3 creatures vanquished.

Grand Total: 137 creatures vanquished

Notes
Turn   | Place    | Note
-------+----------+-------------------------------------------
     0 | Abyss:1  | Glokmah the Demonspawn Abyssal Knight began the quest for
                  | the Orb.
     0 | Abyss:1  | Reached XP level 1. HP: 18/18 MP: 2/2
     4 | Abyss:1  | Found a corrupted altar of Lugonu.
    48 | Abyss:1  | Noticed a large abomination
    51 | Abyss:1  | Noticed a tentacled starspawn
    54 | Abyss:1  | Noticed a ynoxinul
    57 | D:1      | Escaped the Abyss
   287 | D:1      | Found a faded altar of an unknown god.
   297 | D:1      | Gained mutation: You are partially covered in sharp spines.
                  | [demonic ancestry]
   297 | D:1      | Reached XP level 2. HP: 17/24 MP: 4/4
   343 | D:1      | Reached * piety under Lugonu
   433 | D:1      | Reached skill level 3 in Invocations
   482 | D:1      | Found Axudenomp's Distillery.
   509 | D:1      | Reached XP level 3. HP: 27/29 MP: 5/5
   900 | D:2      | Noticed a bullfrog
   911 | D:2      | Killed a bullfrog
   912 | D:2      | Reached skill level 4 in Invocations
   912 | D:2      | Reached XP level 4. HP: 31/35 MP: 5/7
  1012 | D:2      | Reached ** piety under Lugonu
  1704 | D:3      | Found a runed translucent door.
  1707 | D:3      | Noticed boysha's ghost (amateur OpMo)
  1722 | D:3      | Found a runed translucent door.
  1723 | D:3      | Noticed a bullfrog
  1786 | D:3      | Noticed Natasha
  1799 | D:3      | Killed Natasha
  1800 | D:3      | Reached XP level 5. HP: 3/42 MP: 8/8
  2127 | D:3      | Found an opulent altar of Gozag.
  2291 | D:3      | Noticed Ijyb
  2318 | D:3      | Killed Ijyb
  2642 | D:3      | Noticed Natasha
  2650 | D:3      | Killed Natasha
  2898 | D:3      | Found a sacrificial altar of Ru.
  2898 | D:3      | Found a broken altar of Ashenzari.
  2953 | D:3      | Found a runed translucent door.
  2954 | D:3      | Noticed Crazy Yiuf
  2961 | D:3      | Killed Crazy Yiuf
  2962 | D:3      | Reached skill level 5 in Invocations
  3198 | D:4      | Reached XP level 6. HP: 20/48 MP: 8/10
  3502 | D:3      | Killed boysha's ghost
  3503 | D:3      | Reached skill level 6 in Invocations
  3503 | D:3      | Gained mutation: You have an unusually large brain. (Int
                  | +2) [demonic ancestry]
  3503 | D:3      | Reached XP level 7. HP: 19/55 MP: 11/11
  4511 | D:5      | Entered Level 5 of the Dungeon
  5039 | D:5      | Learned a level 3 spell: Conjure Flame
  5477 | D:5      | Found a basalt altar of Yredelemnul.
  5848 | D:6      | Reached skill level 5 in Polearms
  5848 | D:6      | Reached skill level 1 in Conjurations
  5848 | D:6      | Reached skill level 7 in Invocations
  6061 | D:6      | Found a stormy altar of Qazlal.
  6118 | D:5      | Reached skill level 1 in Spellcasting
  6118 | D:5      | Reached skill level 1 in Fire Magic
  6291 | D:6      | Gained mutation: You have sharp toenails. [demonic
                  | ancestry]
  6291 | D:6      | Reached XP level 8. HP: 58/61 MP: 13/13
  6307 | D:6      | Found an ornate altar of the Wu Jian Council.
  6349 | D:6      | Noticed Grinder
  6361 | D:6      | Killed Grinder
  6362 | D:6      | Reached skill level 5 in Fighting
  6664 | D:6      | Identified the +6 dagger of the Wizarding Asp {freeze,
                  | rPois}
  7244 | D:7      | Noticed Gilette's ghost (novice DsCj)
  7254 | D:7      | Reached skill level 8 in Invocations
  7266 | D:7      | Noticed a boulder beetle
  7278 | D:7      | Found a staircase to the Ecumenical Temple.
  7342 | D:7      | Found a transporter.
  7348 | D:7      | Found a transporter.
  9281 | D:6      | Reached skill level 9 in Invocations
  9408 | D:7      | Gained mutation: You have an extremely huge brain. (Int +4)
                  | [demonic ancestry]
  9408 | D:7      | Reached XP level 9. HP: 67/68 MP: 15/15
 10092 | D:7      | Reached *** piety under Lugonu
 10106 | D:7      | Slain by an orc warrior

Illustrated notes

Levels and vault maps discovered:
D:1:      minmay_arrival_diagonal_passages, layout_rooms, serial_shops,
          shop_fountains, hellmonk_ecumenical_altar_lost_god,
          minmay_misc_feat_alley
D:2:      layout_loops_ring
D:3:      layout_loops_corners, lemuel_coloured_pillars_altar,
          gammafunk_temple_overflow_wave, ebering_ghost_sewer_f,
          hangedman_decor_points, minmay_fractal_squares_5, uniq_ijyb,
          uniq_crazy_yiuf_cottage, uniq_natasha
D:4:      layout_layer_cave
D:5:      layout_basic, lemuel_tele_altar, tso_altar
D:6:      layout_loops_ring, overflow_temple_1_default, old_standard_altar,
          uniq_grinder
D:7:      layout_basic, temple_pool_b, gammafunk_ghost_arena,
          nicolae_ossuary_entry_plus, abandoned_shop, wad_floor_pattern_2

Skill      XL: |  1  2  3  4  5  6  7  8 |
---------------+-------------------------+-----
Polearms       | 2 3 4 5 6 |  6.8
Armour         | 2 |  2.1
Invocations    | 3 4 5 6 7 9 |  9.6
Fighting       | 4 5 |  5.9
Conjurations   | 2 3 |  3.0
Spellcasting   | 1 2 |  2.0
Fire Magic     | 1 2 |  2.0
Dodging        | |  0.8

Action                   |  1- 3 |  4- 6 |  7- 9 || total
-------------------------+-------+-------+-------++-------
Melee: Spear             |    90 |   138 |   324 ||   552
       Kick              |       |       |    44 ||    44
       Trident           |       |       |    56 ||    56
       Dagger            |       |       |    20 ||    20
Throw: Dart              |       |       |    14 ||    14
       Javelin           |       |       |     9 ||     9
       Boomerang         |       |       |     7 ||     7
 Cast: Conjure Flame     |       |       |     6 ||     6
Invok: Depart the Abyss  |     1 |       |       ||     1
       Bend Space        |       |     1 |    12 ||    13
Evoke: Wand              |       |       |     2 ||     2
  Use: Scroll            |       |       |    16 ||    16
       Potion            |       |       |     1 ||     1
Armor: Leather armour    |     9 |    12 |    97 ||   118
       Ring mail         |    12 |     7 |       ||    19
       Skin              |       |     5 |       ||     5
Dodge: Dodged            |    46 |    32 |   143 ||   221
Block: Other             |    14 |    23 |    58 ||    95
       Reflection        |     1 |     3 |     4 ||     8

Table legend: (Time is in decaauts)
 A = Elapsed time spent in this place.
 B = Non-inter-level travel time spent in this place.
 C = Inter-level travel time spent in this place.
 D = Time resting spent in this place.
 E = Time spent auto-exploring this place.
 F = Levels seen in this place.
 G = Mean time per level.
                   A        B        C        D        E       F      G
               +--------+--------+--------+--------+--------+-----+--------+
         Total |  10068 |   9328 |    740 |   3193 |   4307 |   8 | 1258.5 |
       Dungeon |  10010 |   9270 |    740 |   3190 |   4307 |   7 | 1430.0 |
         Abyss |     57 |     57 |      0 |      3 |      0 |   1 |   57.0 |
               +--------+--------+--------+--------+--------+-----+--------+

Top non-repeatable levels by time:
     D:6: 2156 daAuts
     D:5: 2046 daAuts
     D:3: 2006 daAuts
     D:7: 1206 daAuts
     D:4: 1053 daAuts
     D:1: 784 daAuts
     D:2: 757 daAuts
 Abyss:1: 57 daAuts
